 Dungeon Crawl Stone Soup version 0.30.2 (webtiles) character file.

Game seed: 15877639182074907391

722 CrypticCrinoid the Chopper (level 7, 61/61 HPs)
             Began as a Minotaur Berserker on Sept 21, 2023.
             Was an Elder of Trog.
             Quit the game on level 5 of the Dungeon on Jan 24, 2024.
             The game lasted 00:15:51 (3725 turns).

CrypticCrinoid the Chopper (Minotaur Berserker)     Turns: 3725, Time: 00:15:51

Health: 61/61      AC: 10    Str: 23    XL:     7   Next: 43%
Magic:  6/6        EV:  9    Int:  4    God:    Trog [****..]
Gold:   132        SH:  0    Dex: 10    Spells: 6/6 levels left

rFire   . . .        u - +0 war axe
rCold   . . .        (no shield)
rNeg    . . .        i - +0 chain mail
rPois   .            (helmet restricted)
rElec   .            (no cloak)
rCorr   .            (no gloves)
SInv    .            e - +0 pair of boots
Will    .....        (no amulet) Stlth
                     (no ring)
HPRegen 0.30/turn    (no ring)
MPRegen 0.10/turn

%: no passive effects
@: attractive
A: horns 2, retaliatory headbutt
a: Renounce Religion, Berserk, Trog's Hand, Brothers in Arms


You were on level 5 of the Dungeon.
You worshipped Trog.
Trog was greatly pleased with you.
You visited 1 branch of the dungeon, and saw 5 of its levels.
You also visited: Sewer.

You collected 265 gold pieces.
You spent 133 gold pieces at shops.

Inventory:

Hand Weapons
 a - a +0 heavy hand axe
 s - a +0 hand axe
 u - a +0 war axe (weapon)
Armour
 e - a +0 pair of boots (worn)
 i - a +0 chain mail (worn)
Jewellery
 c - a ring of fire
Scrolls
 d - 2 scrolls of poison
 f - 5 scrolls of teleportation
 g - a scroll of amnesia {unknown}
 h - a scroll of immolation {unknown}
 j - a scroll of vulnerability {unknown}
 l - a scroll of summoning {unknown}
 m - a scroll of fog {unknown}
 p - a scroll of brand weapon
 r - 2 scrolls of identify
 w - a scroll of noise {unknown}
Potions
 b - 4 potions of curing
 k - a potion of degeneration {unknown}
 n - a potion of magic {unknown}
 o - a potion of haste {unknown}
 q - 2 potions of ambrosia
 t - a potion of cancellation
 v - a potion of berserk rage {unknown}
 x - a potion of attraction


   Skills:
 * Level 5.0 Fighting
 * Level 7.8(8.2) Axes
 * Level 3.3(6.0) Maces & Flails
 * Level 4.7 Armour
 + Level 3.0 Dodging
 + Level 0.3 Stealth


You had 6 spell levels left.
You didn't know any spells.
Your spell library was empty.

Dungeon Overview and Level Annotations

Branches:
Dungeon (5/15)              Sewer (visited)
 Temple: D:4-7

Altars:

Shops:
D:1 *


Innate Abilities, Weirdness & Mutations

You have a pair of horns on your head.
You reflexively headbutt those who attack you in melee.


Message History

You climb downwards.
There is a stone staircase leading up here.
There is a stone staircase leading down here.
You climb downwards.
Found 12 gold pieces.
There is a stone staircase leading up here.
As you read the scroll labelled SATICI HEDGHO, it crumbles to dust.
It is a scroll of identify.
b - 4 potions of curing It was a potion of ambrosia.
You are confused.
You feel invigorated.
It was a potion of attraction.
You feel attractive to monsters. The adder is attracted toward you.
You bump into the rock wall.
The adder bites you but does no damage. x2
You bump into the rock wall.
The adder barely misses you.
You bump into the rock wall.
The adder bites you but does no damage.
You're too confused to move!
The adder bites you. The adder bites you but does no damage.
You barely miss the adder. Your headbutt misses the adder.
The adder misses you.
You bump into the rock wall.
You feel less invigorated.
You feel less confused. The adder closely misses you. You furiously retaliate!
You headbutt the adder. You hit the adder.
The adder is heavily wounded.
The adder bites you but does no damage. x2
You miss the adder. Your headbutt misses the adder.
The adder is heavily wounded.
The adder barely misses you. You furiously retaliate!
You headbutt the adder!
You kill the adder!
Trog accepts your kill.
Found a cyan potion.
There is a stone staircase leading up, spattered with blood here.
Okay, then.
Welcome back, CrypticCrinoid the Minotaur Berserker.
Trog says: Kill them all!
Press ? for a list of commands and other information.
Are you sure you want to abandon this character and quit the game? (Confirm with "yes".)

#....
#...
#..!
... #
#..
#.###.#
#.....#
##$#.#
#...@#
##.###
#. #


There were no monsters in sight!

Vanquished Creatures
  2 bullfrogs (Sewer)
  3 wights (D:4)
  A howler monkey (D:4)
  An orc priest (D:3)
  Natasha (thrice) (D:2)
  A scorpion zombie (D:3)
  3 gnolls (D:2)
  12 adders
  A shadow imp (D:4)
  An ufetubus (D:4)
  5 adder zombies (D:3)
  2 worms (D:2)
  3 dart slugs
  5 orcs
  10 ball pythons
  6 endoplasms
  9 giant cockroaches
  7 goblins
  3 hobgoblins
  4 quokkas
  A ball python skeleton (D:3)
  6 bats
  12 frilled lizards
  12 kobolds
  7 rats
120 creatures vanquished.

Notes
Turn   | Place    | Note
-------+----------+-------------------------------------------
     0 | D:1      | CrypticCrinoid the Minotaur Berserker began the quest for
                  | the Orb.
     0 | D:1      | Reached XP level 1. HP: 19/19 MP: 0/0
   100 | D:1      | Found Culoudor's Assorted Antiques.
   110 | D:1      | Reached skill level 4 in Axes
   110 | D:1      | Reached XP level 2. HP: 21/27 MP: 1/1
   345 | D:1      | Reached ** piety under Trog
   482 | D:1      | Reached XP level 3. HP: 33/33 MP: 2/2
   613 | D:2      | Reached skill level 1 in Maces & Flails
   649 | D:2      | Reached skill level 5 in Axes
   651 | D:2      | Reached XP level 4. HP: 40/40 MP: 3/3
   819 | D:2      | Noticed Natasha
   828 | D:2      | Killed Natasha
  1023 | D:2      | Noticed Natasha
  1031 | D:2      | Killed Natasha
  1032 | D:2      | Reached XP level 5. HP: 38/46 MP: 4/4
  1212 | D:2      | Noticed Natasha
  1224 | D:2      | Killed Natasha
  1612 | D:3      | Reached skill level 6 in Axes
  1734 | D:3      | Found a faded altar of an unknown god.
  1817 | D:3      | Reached *** piety under Trog
  2027 | D:3      | Reached XP level 6. HP: 47/53 MP: 5/5
  2427 | D:4      | Found a glowing drain.
  2453 | Sewer    | Entered a sewer
  2770 | Sewer    | Reached **** piety under Trog
  2771 | Sewer    | Reached skill level 7 in Axes
  3238 | D:4      | Reached XP level 7. HP: 46/60 MP: 6/6
  3306 | D:4      | Reached skill level 5 in Fighting
  3645 | D:1      | Bought a sedimented sapphire potion for 21 gold pieces
  3645 | D:1      | Bought a scroll labelled GOXIARATSEXEO for 24 gold pieces
  3645 | D:1      | Bought a scroll labelled SATICI HEDGHO for 24 gold pieces
  3645 | D:1      | Bought 2 clear potions for 43 gold pieces
  3645 | D:1      | Bought a dark potion for 21 gold pieces
  3711 | D:5      | Entered Level 5 of the Dungeon
  3725 | D:5      | Upgraded the game from 0.30.1-6-gbe392663c4 to 0.30.2
  3725 | D:5      | Quit the game

Illustrated notes

Levels and vault maps discovered:
D:1:      dpeg_arrival_orchard, layout_rooms, serial_shops, shop
D:2:      minmay_inner_zag, layout_basic, uniq_natasha
D:3:      layout_loops_cross, shapermc_ecumenical_altar_notcrosses,
          serial_undead, serial_undead_c, serial_undead_a, serial_undead_a,
          serial_undead_f, minmay_goblin_kobold_house
D:4:      nicolae_BIG_FREAKIN_CUBE, layout_rooms, gup_sewer_entry_glass,
          minmay_distorted
D:5:      minmay_diamond_boxcup, layout_basic, minmay_temple_entry_mini_moons,
          minmay_puff

Skill      XL: |  1  2  3  4  5  6  7 |
---------------+----------------------+-----
Axes           | 4 5 6 7 |  7.8
Fighting       | 4 5 |  5.0
Maces & Flails | 1 2 3 |  3.3
Armour         | 3 4 |  4.7
Dodging        | 3 |  3.0
Stealth        | |  0.3

Action                     |  1- 3 |  4- 6 |  7- 9 || total
---------------------------+-------+-------+-------++-------
  Melee: Hand axe          |    69 |   190 |     4 ||   263
         Headbutt          |    14 |    17 |     2 ||    33
         Punch             |     1 |     1 |       ||     2
         War axe           |       |       |    22 ||    22
 Invoke: Berserk           |     3 |     1 |       ||     4
    Use: Potion            |     2 |       |     2 ||     4
         Scroll            |       |     5 |     1 ||     6
 Armour: Animal skin       |    10 |       |       ||    10
         Chain mail        |     7 |   100 |    20 ||   127
  Dodge: Dodged            |    52 |    95 |    12 ||   159
